 Dungeon Crawl Stone Soup version 0.31-a0-1093-gadecf41 (webtiles) character file.

Game seed: 9505476575147914968

21765 BeoghMyLove the Severer (level 12, -2/112 HPs)
             Began as a Hill Orc Fighter on Nov 28, 2023.
             Was a High Priest of Okawaru.
             Slain by an eight-headed hydra (9 damage)
             ... on level 2 of the Lair of Beasts on Nov 29, 2023.
             The game lasted 00:50:35 (13989 turns).

BeoghMyLove the Severer (Hill Orc Fighter)         Turns: 13989, Time: 00:50:37

Health: -2/112     AC: 20    Str: 24    XL:     12   Next: 93%
Magic:  0/17       EV:  6    Int:  8    God:    Okawaru [*****.]
Gold:   1994       SH: 12    Dex: 10    Spells: 11/11 levels left

rFire   . . .        S - +0 flail
rCold   . . .        t - +2 kite shield
rNeg    . . .        e - +0 plate armour
rPois   .            (no helmet)
rElec   .            u - +1 cloak {Will+}
rCorr   .            O - +0 pair of gloves
SInv    .            k - +0 pair of boots
Will    ++...        q - amulet of guardian spirit Stlth
                     j - ring of willpower
HPRegen 0.38/turn    r - +4 ring of slaying
MPRegen 0.15/turn

%: guardian spirit
@: hasted, very quick
A: no striking features
a: Renounce Religion, Heroism, Finesse, Duel


You were on level 2 of the Lair of Beasts.
You worshipped Okawaru.
Okawaru was extremely pleased with you.
You visited 4 branches of the dungeon, and saw 16 of its levels.
You also visited: Bailey.

You collected 1994 gold pieces.

Inventory:

Hand Weapons
 E - a +2 antimagic war axe
 S - a +0 flail (weapon)
Missiles
 p - a curare-tipped dart
 F - 3 silver javelins
 J - 19 poisoned darts (quivered)
 P - 10 boomerangs
Armour
 e - a +0 plate armour (worn)
 k - a +0 pair of boots (worn)
 t - a +2 kite shield (worn)
 u - a +1 cloak of willpower (worn)
 O - a +0 pair of gloves (worn)
Jewellery
 j - a ring of willpower (left hand)
 q - an amulet of guardian spirit (around neck)
 r - a +4 ring of slaying (right hand)
 R - a ring of ice
Wands
 a - a wand of mindburst (6)
 d - a wand of flame (20)
 w - a wand of paralysis (8)
 G - a wand of polymorph (4)
 M - a wand of iceblast (5)
Scrolls
 h - 2 scrolls of noise {unknown}
 i - a scroll of enchant armour {unknown}
 n - 4 scrolls of identify
 o - 2 scrolls of teleportation
 s - a scroll of fear {unknown}
 y - 3 scrolls of revelation {unknown}
 z - a scroll of vulnerability {unknown}
 A - 2 scrolls of silence {unknown}
 B - 3 scrolls of fog {unknown}
 D - a scroll of brand weapon {unknown}
 H - a scroll of enchant weapon {unknown}
 K - a scroll of acquirement {unknown}
 L - a scroll of amnesia {unknown}
 Q - a scroll of blinking {unknown}
Potions
 b - a potion of attraction {unknown}
 c - a potion of curing
 f - 6 potions of enlightenment
 g - 2 potions of cancellation
 l - 2 potions of haste
 m - a potion of degeneration {unknown}
 v - 4 potions of mutation {unknown}
 x - 2 potions of might
 C - 2 potions of resistance {unknown}
 I - a potion of heal wounds {unknown}
 N - 2 potions of brilliance {unknown}


   Skills:
 + Level 11.9 Fighting
 - Level 16.6 Axes
 + Level 11.7 Armour
 * Level 9.4 Shields
 - Level 6.9 Invocations


You had 11 spell levels left.
You didn't know any spells.
Your spell library contained the following spells:

 Spells                   Type           Power      Damage    Failure   Level
 Poisonous Vapours        Pois/Air       0%         N/A       100%        2
 Wereblood                Tmut           0%         N/A       100%        2
 Hailstorm                Conj/Ice       0%         3d3       100%        3
 Mephitic Cloud           Conj/Pois/Air  0%         N/A       100%        3
 Stone Arrow              Conj/Erth      0%         3d7       100%        3
 Anguish                  Hex/Necr       0%         N/A       100%        4
 Cause Fear               Hex            0%         N/A       100%        4
 Freezing Cloud           Conj/Ice/Air   0%         6-21      100%        5
 Irradiate                Conj/Tmut      0%         3d11      100%        5
 Enfeeble                 Hex            0%         N/A       100%        7
 Orb of Destruction       Conj           0%         9d5       100%        7
 Lehudib's Crystal Spear  Conj/Erth      0%         10d2      100%        8
 Summon Small Mammal      Summ           Unusable   N/A       N/A         1
 Call Canine Familiar     Summ           Unusable   N/A       N/A         3
 Summon Guardian Golem    Hex/Summ       Unusable   N/A       N/A         3
 Animate Armour           Summ/Erth      Unusable   N/A       N/A         4
 Summon Ice Beast         Ice/Summ       Unusable   N/A       N/A         4
 Simulacrum               Ice/Necr       Unusable   N/A       N/A         6
 Spellforged Servitor     Conj/Summ      Unusable   N/A       N/A         7

Dungeon Overview and Level Annotations

Branches:
Dungeon (11/15)            Temple (1/1) D:4            Lair (2/5) D:8
 Spider (0/4) Lair:2          Orc (2/2) D:9          Bailey (visited)
  Swamp: Lair:2-3    Shoals: Lair:2-3       Elf: Orc:2

Altars:
Ashenzari
Cheibriados
Dithmenos
Elyvilon
Fedhas
Gozag
Hepliaklqana
Kikubaaqudgha
Makhleb
Nemelex Xobeh
Okawaru
Qazlal
Ru
Sif Muna
Trog
Uskayaw
Vehumet
Wu Jian
Xom
Yredelemnul
Zin
The Shining One
Beogh


Message History

You block the eight-headed hydra's attack.
The eight-headed hydra bites you but does no damage. x3
The eight-headed hydra bites you!
You sock the eight-headed hydra!
The eight-headed hydra is moderately wounded.
The eight-headed hydra bites you but does no damage. x2
The eight-headed hydra barely misses you.
The eight-headed hydra bites you! x2
The eight-headed hydra closely misses you.
You block the eight-headed hydra's attack.
The eight-headed hydra bites you!
You bludgeon the eight-headed hydra!!
The eight-headed hydra is heavily wounded.
The eight-headed hydra bites you!
You block the eight-headed hydra's attack.
The eight-headed hydra bites you but does no damage.
You block the eight-headed hydra's attack. x2
The eight-headed hydra bites you.
* * * LOW HITPOINT WARNING * * *
The eight-headed hydra completely misses you.
The eight-headed hydra bites you but does no damage.
You hit the eight-headed hydra.
The eight-headed hydra is heavily wounded.
The eight-headed hydra completely misses you.
You block the eight-headed hydra's attack.
The eight-headed hydra bites you!
* * * LOW HITPOINT WARNING * * *
The eight-headed hydra bites you but does no damage.
You block the eight-headed hydra's attack. x2
The eight-headed hydra bites you!
* * * LOW HITPOINT WARNING * * *
The eight-headed hydra bites you but does no damage.
You feel yourself speed up.
The eight-headed hydra looks more healthy.
You block the eight-headed hydra's attack. x2
The eight-headed hydra bites you!
* * * LOW HITPOINT WARNING * * *
You block the eight-headed hydra's attack.
The eight-headed hydra bites you!
You die...

#..........#
#..........##
#...........#
+.†.†......P#
###+..........##
#....#....###.#
##..##########.#
#...# #.D#
#....# ##@#
#+#.## ####..#
⌠.# ###..#..#
.FF# ........#
.... P.#.#...#
...§. .. ##..#
....F #. #...# .
##..# . ##..#


You could see an eight-headed hydra.

Vanquished Creatures
  A hydra (Lair:2)
  Fannar (Lair:1)
  A centaur warrior (D:10)
  A deep troll earth mage (D:10)
  An orc high priest (Orc:1)
  Pikel (D:8)
  An orc knight (Orc:1)
  A cyclops (D:9)
  A manticore (D:9)
  Maurice (D:8)
  Joseph (Lair:1)
  A black mamba (Lair:1)
  3 cane toads
  An unseen horror (D:10)
  2 kobold blastminers (Orc:1)
  Jeremiah (Lair:1)
  2 kobold demonologists (D:10)
  A komodo dragon (Lair:1)
  A hornet (D:9)
  A polar bear (Lair:1)
  A troll (Orc:1)
  Prince Ribbit (D:7)
  3 blink frogs (Lair:2)
  Sigmund (D:3)
  A wraith (D:10)
  A vampire (D:10)
  26 yaks
  2 wyverns (D:9)
  3 steam dragons
  Menkaure (D:7)
  4 wargs
  9 water moccasins
  3 sky beasts
  An ice beast (Lair:2)
  14 orc warriors
  A black bear (D:4)
  4 ogres
  4 centaurs
  9 bullfrogs
  A kobold brigand (D:9)
  2 gnoll sergeants
  14 killer bees
  9 electric eels
  A lava snake (D:10)
  3 hounds
  13 orc priests
  4 jellies
  4 sleepcaps
  Jessica (D:2)
  An iguana (D:6)
  Ijyb (D:4)
  Natasha (thrice) (D:2)
  8 orc wizards
  Terence (D:3)
  15 gnolls
  4 adders
  A shadow imp (D:6)
  4 white imps
  6 ufetubi
  An adder skeleton (D:2)
  3 worms (D:2)
  3 dart slugs
  58 orcs
  11 endoplasms
  5 giant cockroaches
  10 goblins
  6 hobgoblins
  6 jackals
  10 quokkas
  4 ball pythons
  2 ball python skeletons (D:2)
  7 bats
  A frilled lizard (D:1)
  28 kobolds
  A quokka skeleton (D:2)
  2 rats (D:2)
367 creatures vanquished.

Notes
Turn   | Place    | Note
-------+----------+-------------------------------------------
     0 | D:1      | BeoghMyLove the Hill Orc Fighter began the quest for the
                  | Orb.
     0 | D:1      | Reached XP level 1. HP: 19/19 MP: 1/1
   106 | D:1      | Reached XP level 2. HP: 26/27 MP: 2/2
   111 | D:1      | Reached skill level 3 in Axes
   404 | D:1      | Reached XP level 3. HP: 33/33 MP: 3/3
   874 | D:2      | Noticed Jessica
   885 | D:2      | Reached skill level 4 in Axes
   889 | D:2      | Killed Jessica
   890 | D:2      | Reached XP level 4. HP: 37/40 MP: 4/4
  1088 | D:2      | Reached skill level 5 in Axes
  1250 | D:2      | Noticed Natasha
  1259 | D:2      | Killed Natasha
  1260 | D:2      | Reached XP level 5. HP: 46/46 MP: 5/5
  1308 | D:2      | Noticed Natasha
  1317 | D:2      | Killed Natasha
  1500 | D:2      | Noticed Natasha
  1505 | D:2      | Killed Natasha
  1506 | D:2      | Reached skill level 6 in Axes
  1876 | D:3      | Noticed Sigmund
  1889 | D:3      | Killed Sigmund
  1890 | D:3      | Reached skill level 7 in Axes
  1890 | D:3      | Reached XP level 6. HP: 53/53 MP: 6/6
  1974 | D:3      | Noticed Terence
  1986 | D:3      | Killed Terence
  2403 | D:4      | Found an iron altar of Okawaru.
  2444 | D:4      | Reached skill level 8 in Axes
  2444 | D:4      | Reached XP level 7. HP: 51/60 MP: 4/7
  2494 | D:4      | Became a worshipper of Warmaster Okawaru
  2537 | D:4      | Found a staircase to the Ecumenical Temple.
  2640 | D:4      | Noticed Ijyb
  2648 | D:4      | Killed Ijyb
  2697 | D:4      | Reached skill level 1 in Invocations
  2842 | D:4      | Reached skill level 9 in Axes
  2997 | D:4      | Found a sparkling altar of Nemelex Xobeh.
  3083 | Temple   | Entered the Ecumenical Temple
  3116 | D:5      | Entered Level 5 of the Dungeon
  3119 | D:5      | Reached * piety under Okawaru
  3121 | D:5      | Reached XP level 8. HP: 63/67 MP: 9/9
  3194 | D:5      | Reached skill level 10 in Axes
  3348 | D:5      | Reached skill level 5 in Fighting
  3919 | D:6      | Reached skill level 5 in Armour
  4050 | D:6      | Reached skill level 5 in Shields
  4138 | D:6      | Reached ** piety under Okawaru
  4139 | D:6      | Reached skill level 11 in Axes
  4160 | D:6      | Found a hide-covered altar of Uskayaw.
  4162 | D:6      | Found a glowing golden altar of the Shining One.
  4164 | D:6      | Found a stormy altar of Qazlal.
  4175 | D:6      | Reached XP level 9. HP: 69/74 MP: 11/11
  4716 | D:7      | Reached skill level 12 in Axes
  5068 | D:7      | Reached *** piety under Okawaru
  5069 | D:7      | Reached skill level 13 in Axes
  5135 | D:7      | Reached **** piety under Okawaru
  5231 | D:7      | Noticed Menkaure
  5251 | D:7      | Killed Menkaure
  5252 | D:7      | Reached skill level 14 in Axes
  5252 | D:7      | Reached XP level 10. HP: 84/84 MP: 13/13
  5593 | D:7      | Noticed Prince Ribbit
  5604 | D:7      | Killed Prince Ribbit
  5950 | D:8      | Noticed Pikel
  5972 | D:8      | Killed Pikel
  5973 | D:8      | Reached skill level 15 in Axes
  5977 | D:8      | Noticed Maurice
  5985 | D:8      | Reached ***** piety under Okawaru
  5989 | D:8      | Killed Maurice
  6186 | D:8      | Received a gift from Okawaru
  6436 | D:8      | Found a staircase to the Lair.
  6521 | D:8      | Reached skill level 16 in Axes
  6570 | D:8      | Reached XP level 11. HP: 85/95 MP: 3/14
  6801 | D:9      | Noticed a manticore
  6814 | D:9      | Paralysed by a hornet for 1 turns
  6818 | D:9      | Killed a manticore
  7262 | D:9      | Found a roughly hewn altar of Beogh.
  7262 | D:9      | Found a staircase to the Orcish Mines.
  7578 | D:9      | Received a gift from Okawaru
  8139 | D:10     | Entered Level 10 of the Dungeon
  8251 | D:10     | Found a flagged portal.
  8273 | Bailey   | Entered a bailey
  9312 | D:10     | Reached skill level 10 in Fighting
  9594 | D:10     | Reached skill level 5 in Invocations
  9824 | D:10     | Noticed a centaur warrior
  9846 | D:10     | Killed a centaur warrior
  9976 | D:10     | Noticed a deep troll earth mage
  9982 | D:10     | Noticed a sixfirhy
 10181 | D:10     | Killed a deep troll earth mage
 10182 | D:10     | Reached XP level 12. HP: 20/107 MP: 2/16
 10186 | D:10     | HP: 1/107 [ice devil[a kobold demonologist] (10)]
 10203 | D:10     | Reached ****** piety under Okawaru
 10203 | D:10     | Received a gift from Okawaru
 10204 | D:10     | Reached skill level 10 in Armour
 10886 | Lair:1   | Entered Level 1 of the Lair of Beasts
 11335 | Lair:1   | Noticed Jeremiah
 11443 | Lair:1   | Killed Jeremiah
 11537 | Lair:1   | Noticed Joseph
 11557 | Lair:1   | Killed Joseph
 11612 | Lair:1   | Noticed Fannar
 11629 | Lair:1   | Killed Fannar
 11954 | Lair:1   | Found a blossoming altar of Fedhas.
 12101 | Lair:2   | Found a hole to the Spider Nest.
 12120 | Lair:2   | Noticed an eight-headed hydra
 12292 | Orc:1    | Entered Level 1 of the Orcish Mines
 12293 | Orc:1    | Noticed an orc high priest
 12407 | Orc:1    | Killed an orc high priest
 12665 | D:9      | Received a gift from Okawaru
 13577 | Orc:2    | Entered Level 2 of the Orcish Mines
 13694 | Lair:2   | Noticed an eight-headed hydra
 13707 | Lair:2   | Killed an eight-headed hydra
 13989 | Lair:2   | Slain by an eight-headed hydra

Illustrated notes

Levels and vault maps discovered:
D:1:      erik_arrival_cave_to_civilisation [erik_arrival_cave_to_hall],
          layout_basic, dk_noncrumbling_4
D:2:      layout_basic, serial_undead, serial_undead_d, serial_undead_e,
          serial_undead_a, serial_undead_a, chequers_serial_rivers_micro_b,
          uniq_natasha, uniq_jessica
D:3:      layout_loops_cross, minmay_liquid_box, dreamdust_mushroom_princess,
          uniq_terence, uniq_sigmund
D:4:      layout_basic, mainiacjoe_overflow_alcove_2,
          mainiacjoe_overflow_concentric_impassable,
          minmay_temple_entry_large_hall, uniq_ijyb
D:5:      layout_basic
D:6:      layout_loops_ring, grunt_temple_overflow_open, portal_sewer_entry_f,
          dk_rats_in_the_wall
D:7:      layout_basic, uniq_prince_ribbit1, uniq_menkaure
D:8:      layout_rooms, lair_entry_dummy, uniq_pikel, uniq_maurice
D:9:      layout_cave_pools, david_orc_5, nicolae_water_bricks
D:10:     layout_basic, lightli_bailey_entry_fortress, kennysheep_island_fort
D:11:     layout_loops_ring
Temple:   sentei_temple_godly_chess
Lair:1:   layout_misc_corridors, basic_altar, serial_bayou_shore_a, uniq_joseph,
          uniq_fannar, uniq_jeremiah
Lair:2:   layout_chaotic_city, elwin_shoals_entry_stream, dummy_spider_entry,
          maelrawn_ghost_gauntlet_escape, ice2_lemuel, grunt_megastairs_5,
          lemuel_fruit_tree
Orc:1:    layout_caves, serial_shops, shop
Orc:2:    st_orc_rangers, layout_caves, uniq_donald

Skill      XL: |  1  2  3  4  5  6  7  8  9 10 11 12 |
---------------+-------------------------------------+-----
Axes           | 3 4 5 7 8 9 11 14 16 | 16.6
Fighting       | 4 5 6 8 10 11 | 11.9
Armour         | 4 5 6 7 9 11 | 11.7
Shields        | 4 5 6 7 9 |  9.4
Invocations    | 1 3 4 5 6 |  6.9

Action                     |  1- 3 |  4- 6 |  7- 9 | 10-12 || total
---------------------------+-------+-------+-------+-------++-------
  Melee: War axe           |    90 |   150 |   271 |   688 ||  1199
         Flail             |       |       |       |    16 ||    16
  Throw: Dart              |       |       |       |     1 ||     1
         Boomerang         |       |       |       |     1 ||     1
 Invoke: Heroism           |       |       |       |     1 ||     1
  Evoke: Wand              |       |       |       |    26 ||    26
    Use: Potion            |       |     2 |       |    10 ||    12
         Scroll            |       |       |       |     2 ||     2
   Stab: Paralysed         |       |       |       |     3 ||     3
 Armour: Scale mail        |    25 |       |       |       ||    25
         Plate armour      |    44 |   118 |   252 |   699 ||  1113
  Dodge: Dodged            |    31 |    31 |    91 |   183 ||   336
  Block: Buckler           |    22 |    31 |    69 |   101 ||   223
         Kite shield       |       |       |       |   149 ||   149

Table legend: (Time is in decaauts)
 A = Elapsed time spent in this place.
 B = Non-inter-level travel time spent in this place.
 C = Inter-level travel time spent in this place.
 D = Time resting spent in this place.
 E = Time spent auto-exploring this place.
 F = Levels seen in this place.
 G = Mean time per level.
                   A        B        C        D        E       F      G
               +--------+--------+--------+--------+--------+-----+--------+
         Total |  13976 |  13025 |    951 |   3567 |   5986 |  17 |  822.1 |
       Dungeon |  11575 |  10721 |    854 |   3098 |   4950 |  11 | 1052.3 |
        Temple |      3 |      3 |      0 |      0 |      0 |   1 |    3.0 |
          Lair |   1589 |   1507 |     82 |    296 |    806 |   2 |  794.5 |
  Orcish Mines |    343 |    328 |     15 |      0 |    162 |   2 |  171.5 |
        Bailey |    464 |    464 |      0 |    173 |     68 |   1 |  464.0 |
               +--------+--------+--------+--------+--------+-----+--------+

Top non-repeatable levels by time:
     D:9: 2152 daAuts
    D:10: 2089 daAuts
     D:8: 1463 daAuts
  Lair:1: 1261 daAuts
     D:7: 1139 daAuts
     D:3: 843 daAuts
     D:1: 823 daAuts
     D:6: 807 daAuts
     D:2: 773 daAuts
     D:4: 753 daAuts
     D:5: 721 daAuts
  Bailey: 464 daAuts
  Lair:2: 328 daAuts
   Orc:1: 319 daAuts
   Orc:2: 23 daAuts
